 Dungeon Crawl Stone Soup version 0.31-a0-865-g3d5d91748a (webtiles) character file.

Game seed: 8113475443204082840

2030 LeprechaunX the Changeling (level 9, 0/91 HPs)
             Began as an Octopode Shapeshifter on Oct 10, 2023.
             Slain by a water moccasin (2 damage)
             ... on level 6 of the Dungeon.
             The game lasted 00:08:36 (5384 turns).

LeprechaunX the Changeling (Octopode Shapeshifter)  Turns: 5384, Time: 00:08:36

Health: 0/91       AC: 24    Str: 18    XL:     9   Next: 23%
Magic:  0/12       EV:  2    Int: 12    God:
Gold:   387        SH:  0    Dex: 11    Spells: 8/8 levels left

rFire   . . .        b - +4 dagger (speed)
rCold   . . .        (no shield)
rNeg    . . .        (helmet currently unavailable)
rPois   +            x - amulet of guardian spirit
rElec   .            f - +5 ring of evasion
rCorr   .            (no ring)
SInv    .            (no ring)
Will    .....        (no ring)
Stlth   +            (no ring)
HPRegen 0.35/turn    (no ring)
MPRegen 0.13/turn    (no ring)
                     (no ring)

%: guardian spirit
@: tree-form
A: stationary, stasis, torment immunity, boosted hp, almost no armour,
(amphibious), 8 rings, (camouflage 1), (gelatinous body 1), (nimble swimmer 1),
(tentacles), (cold resistance 1), high MP 1, (teleportitis 1)
a: no special abilities


You were on level 6 of the Dungeon.
You were a tree.
You visited 1 branch of the dungeon, and saw 6 of its levels.

You collected 387 gold pieces.

Inventory:

Hand Weapons
 a - a +1 heavy sling
 b - a +4 dagger of speed (weapon)
Missiles
 k - 9 boomerangs
 y - 5 darts of dispersal
Jewellery
 f - a +5 ring of evasion (left branch)
 w - a ring of ice
 x - an amulet of guardian spirit (around neck)
Talismans
 c - a flux talisman
 j - a blade talisman
 p - a beast talisman
Scrolls
 d - 4 scrolls of teleportation {unknown}
 h - 3 scrolls of fear {unknown}
 i - 4 scrolls of identify {unknown}
 l - a scroll of revelation {unknown}
 m - 2 scrolls of silence {unknown}
 t - a scroll of brand weapon {unknown}
 u - a scroll of enchant armour {unknown}
Potions
 e - a potion of might
 g - 2 potions of mutation
 o - 2 potions of heal wounds {unknown}
 q - a potion of invisibility {unknown}
 r - 2 potions of attraction {unknown}
 s - a potion of degeneration {unknown}
 v - a potion of enlightenment {unknown}


   Skills:
 + Level 5.1 Fighting
 - Level 5.0 Dodging
 + Level 5.9 Unarmed Combat
 + Level 3.1 Invocations
 * Level 7.4 Shapeshifting


You had 8 spell levels left.
You didn't know any spells.
Your spell library contained the following spells:

 Spells                   Type           Power      Damage    Failure   Level
 Slow                     Hex            0%         N/A       32%         1
 Confusing Touch          Hex            0%         N/A       69%         3
 Sigil of Binding         Hex            0%         N/A       69%         3
 Vampiric Draining        Necr           0%         2d6       69%         3


Dungeon Overview and Level Annotations

Branches:
Dungeon (6/15)
 Temple: D:4-7

Altars:
Wu Jian
Yredelemnul

Annotations:
D:6 3 runed translucent doors, deremet's ghost, weakling GnDe


Innate Abilities, Weirdness & Mutations

You are a tree.
Your roots penetrate the ground, keeping you stationary.
You cannot be teleported.
You are immune to unholy pain and torment.
Your maximum health is greatly increased.
You cannot wear most types of armour.
((You are amphibious.))
You can wear up to eight rings at the same time.
((Your skin changes colour to match your surroundings (Stealth+).))
((Your rubbery body absorbs attacks. (AC +1, EV +1)))
((You are camouflaged when in or above water. (Stealth+)))
((You have tentacles for arms and can constrict up to eight enemies at once.))
((Your flesh is cold resistant. (rC+)))
You have an increased reservoir of magic. (+10% MP)
((You are occasionally teleported next to monsters.))


Message History

The water moccasin bites you.
You are lethally poisoned!
The water moccasin poisons you!
The orc shouts!
You puncture the water moccasin! Your grab misses the water moccasin.
The water moccasin is heavily wounded.
You feel very sick.
The orc throws a boomerang.
The boomerang hits you. The water moccasin closely misses you.
* * * LOW HITPOINT WARNING * * *
You feel very sick.
* * * LOW HITPOINT WARNING * * *
You feel very sick. The water moccasin misses you.
You hit the water moccasin. Your grab misses the water moccasin.
The water moccasin is heavily wounded.
* * * LOW HITPOINT WARNING * * *
You feel very sick.
The orc priest hits you with a +0 short sword.
The water moccasin misses you.
Unknown command.
You closely miss the orc priest. You grab the orc priest.
You constrict the orc priest.
* * * LOW HITPOINT WARNING * * *
You feel sick.
Unknown command.
You feel better.
You constrict the orc priest. The water moccasin bites you.
* * * LOW HITPOINT WARNING * * *
A wight comes into view. It is wielding a +0 morningstar.
The orc priest calls down the wrath of Beogh upon you.
Beogh smites you!
* * * LOW HITPOINT WARNING * * *
The water moccasin barely misses you.
Unknown command.
Your transformation has ended.
You turn into a tree.
Your roots penetrate the ground.
You lose your grip on the orc priest.
The orc priest hits you but does no damage.
The water moccasin bites you.
You die...

##....##.... .##
##.....##.8.. ..
#......##.... #.##
##.....#####. ..#
#.........#. .. #.#
#.........#. ....####.##
###.......#. ...z.og.S.#
#......... . .z####.#♣#
#......... .z. #.#o##
#.........
#...###.zo.######.........
#..oo.....................
..?......##................
#.....##.#######...........
#..##. #.# ##.......... #?
# #.. ##........... . ##.#
#<..#........


You could see a water moccasin, 2 wights, an orc priest, an orc wizard, a gnoll
and an orc.

Vanquished Creatures
  Grinder (D:4)
  Sigmund (D:3)
  Edmund (D:5)
  A water moccasin (D:6)
  A black bear (D:6)
  2 ogres (D:6)
  A centaur (D:6)
  2 phantoms
  A kobold brigand (D:6)
  5 wights
  An orc priest (D:6)
  A gnoll bouda (D:6)
  5 hounds
  A jelly (D:5)
  2 iguanas
  A sleepcap (D:6)
  2 orc wizards
  10 adders
  5 gnolls (D:6)
  2 ufetubi
  2 dart slugs
  20 orcs
  6 endoplasms
  A giant cockroach (D:2)
  10 goblins
  9 hobgoblins
  13 jackals
  6 kobolds
  3 quokkas
  12 ball pythons
  4 bats
  3 frilled lizards
  4 rats
139 creatures vanquished.

Notes
Turn   | Place    | Note
-------+----------+-------------------------------------------
     0 | D:1      | LeprechaunX the Octopode Shapeshifter began the quest for
                  | the Orb.
     0 | D:1      | Reached XP level 1. HP: 13/13 MP: 1/1
   300 | D:1      | Found a faded altar of an unknown god.
   311 | D:1      | Reached XP level 2. HP: 12/18 MP: 2/2
  1159 | D:2      | Reached XP level 3. HP: 23/23 MP: 3/3
  1541 | D:2      | Reached XP level 4. HP: 28/29 MP: 4/4
  2293 | D:3      | Reached skill level 4 in Shapeshifting
  2295 | D:3      | Reached XP level 5. HP: 33/34 MP: 5/5
  2353 | D:3      | Noticed Sigmund
  2389 | D:3      | Killed Sigmund
  2390 | D:3      | Reached XP level 6. HP: 11/41 MP: 6/6
  2605 | D:3      | Found a basalt altar of Yredelemnul.
  2635 | D:3      | Found an ornate altar of the Wu Jian Council.
  2972 | D:4      | Identified the +2 helmet of Dim Light {rElec Stlth+}
  3075 | D:4      | Reached skill level 5 in Shapeshifting
  3272 | D:4      | Reached XP level 7. HP: 43/46 MP: 7/7
  3288 | D:4      | Noticed Grinder
  3297 | D:4      | Killed Grinder
  3581 | D:5      | Entered Level 5 of the Dungeon
  3768 | D:5      | Noticed Edmund
  3799 | D:5      | Killed Edmund
  3820 | D:5      | Reached XP level 8. HP: 44/54 MP: 8/8
  3973 | D:5      | Reached skill level 5 in Unarmed Combat
  3973 | D:5      | Reached skill level 6 in Shapeshifting
  4480 | D:5      | Reached skill level 1 in Invocations
  4681 | D:6      | Found a runed translucent gate.
  4682 | D:6      | Found a runed translucent gate.
  4758 | D:6      | Reached skill level 5 in Dodging
  4853 | D:6      | Reached skill level 7 in Shapeshifting
  4853 | D:6      | Reached XP level 9. HP: 55/60 MP: 8/10
  4858 | D:6      | Reached skill level 5 in Fighting
  4974 | D:6      | Noticed deremet's ghost (weakling GnDe)
  4975 | D:6      | Found a runed translucent gate.
  5157 | D:6      | Gained mutation: You are occasionally teleported next to
                  | monsters. [potion of mutation]
  5157 | D:6      | Gained mutation: You have an increased reservoir of magic.
                  | (+10% MP) [potion of mutation]
  5157 | D:6      | Gained mutation: Your flesh is cold resistant. (rC+)
                  | [potion of mutation]
  5157 | D:6      | HP: 3/61 [poisoned by a gnoll bouda]
  5158 | D:6      | HP: 1/61 [poisoned by a gnoll bouda]
  5383 | D:6      | HP: 1/61 [orc priest/divine providence (5)]
  5384 | D:6      | Slain by a water moccasin

Illustrated notes

Levels and vault maps discovered:
D:1:      elethiomel_arrival_infinity_welcomes_careful_drivers,
          layout_loops_ring, shapermc_ecumenical_altar_acropolis,
          amcnicky_mini_corridor_feature, dk_noncrumbling_3,
          hangedman_decor_peaks_small, chequers_serial_rivers_micro_e
D:2:      layout_loops_corners, minivault_14, minmay_goblin_outpost
D:3:      layout_basic, mainiacjoe_overflow_two_lobes, minmay_strange_pillars,
          uniq_sigmund
D:4:      layout_rooms, uniq_grinder
D:5:      layout_basic, kennysheep_generic_room_3, uniq_edmund
D:6:      kennysheep_spiral_hall, layout_rooms,
          lemuel_mausoleum_altar_kikubaaqudgha, marbit_many_paths,
          biasface_ghost_orc_armoury, nicolae_elevator_lobby_asterisk

Skill      XL: |  1  2  3  4  5  6  7  8  9 |
---------------+----------------------------+-----
Fighting       | 2 3 4 5 |  5.1
Shapeshifting  | 4 5 7 |  7.4
Dodging        | 3 4 5 |  5.0
Unarmed Combat | 4 5 |  5.9
Invocations    | 2 3 |  3.1

Action                     |  1- 3 |  4- 6 |  7- 9 || total
---------------------------+-------+-------+-------++-------
  Melee: Unarmed           |    59 |    18 |    13 ||    90
         Constrict         |    12 |    26 |    40 ||    78
         Tentacles         |     6 |    24 |    34 ||    64
         Punch             |     2 |     4 |     6 ||    12
         Dagger            |       |   112 |   134 ||   246
   Fire: Sling             |       |       |    13 ||    13
    Use: Potion            |       |     1 |     5 ||     6
   Stab: Sleeping          |    11 |     4 |     6 ||    21
 Armour: Skin              |    17 |    35 |    54 ||   106
  Dodge: Dodged            |    39 |    62 |    90 ||   191

Table legend: (Time is in decaauts)
 A = Elapsed time spent in this place.
 B = Non-inter-level travel time spent in this place.
 C = Inter-level travel time spent in this place.
 D = Time resting spent in this place.
 E = Time spent auto-exploring this place.
 F = Levels seen in this place.
 G = Mean time per level.
                   A        B        C        D        E       F      G
               +--------+--------+--------+--------+--------+-----+--------+
         Total |   5306 |   5030 |    276 |    468 |   3674 |   6 |  884.3 |
       Dungeon |   5306 |   5030 |    276 |    468 |   3674 |   6 |  884.3 |
               +--------+--------+--------+--------+--------+-----+--------+

Top non-repeatable levels by time:
     D:1: 1137 daAuts
     D:2: 925 daAuts
     D:5: 914 daAuts
     D:6: 854 daAuts
     D:3: 840 daAuts
     D:4: 635 daAuts
